SL
FT. WORTH CATTLEMEN @ TOLEDO STINGERS
10/01/2027
 
TOP OF THE 1ST
Ft. Worth Cattlemen batting - Pitching for Toledo Stingers : RHP Jaime Venditti
Pitching: RHP Jaime Venditti
Batting: RHB Ed Hopkins 0-0: Ball
1-0: Bunted foul
1-1: Ball
2-1: Ball
3-1: Base on Balls
Batting: SHB Robby Day 0-0: Called Strike
0-1: Called Strike
0-2: Ball
1-2: Ball
2-2: Foul Ball, location: 2F
2-2: Foul Ball, location: 2F
2-2: Grounds into double play, 4-6-3 (Groundball, 4)
Batting: RHB Bart Lewis 0-0: Ball
1-0: Ball
2-0: Ball
3-0: Called Strike
3-1: Foul Ball, location: 2F
3-2: Fly out, F6 (Line Drive, 6M)
Top of the 1st over - 0 run(s), 0 hit(s), 0 error(s), 0 left on base; Ft. Worth 0 - Toledo 0
BOTTOM OF THE 1ST
Toledo Stingers batting - Pitching for Ft. Worth Cattlemen : RHP Nicholas Wells
Pitching: RHP Nicholas Wells
Batting: LHB Locke Lamora 0-0: Ball
1-0: Foul Ball, location: 2F
1-1: Ground out 4-3 (Groundball, 4)
Batting: RHB Jack Burton 0-0: Ball
1-0: Fly out, F7 (Flyball, 7LM)
Batting: RHB Alfredo Martínez 0-0: Called Strike
0-1: Called Strike
0-2: Strikes out looking
Bottom of the 1st over - 0 run(s), 0 hit(s), 0 error(s), 0 left on base; Ft. Worth 0 - Toledo 0
TOP OF THE 2ND
Ft. Worth Cattlemen batting - Pitching for Toledo Stingers : RHP Jaime Venditti
Batting: LHB Ryan Westlake 0-0: Ball
1-0: Called Strike
1-1: Ball
2-1: Foul Ball, location: 2F
2-2: Ball
3-2: Foul Ball, location: 2F
3-2: Base on Balls
Batting: SHB Gregg Wagner 0-0: Ball
1-0: Ground out 6-3 (Groundball, 6MS)
Ryan Westlake to second
Batting: LHB Jesús Morales 0-0: Fly out, F8 (Flyball, 8LM)
Batting: RHB Tim Burney 0-0: Called Strike
0-1: Swinging Strike
0-2: Strikes out looking
Top of the 2nd over - 0 run(s), 0 hit(s), 0 error(s), 1 left on base; Ft. Worth 0 - Toledo 0
BOTTOM OF THE 2ND
Toledo Stingers batting - Pitching for Ft. Worth Cattlemen : RHP Nicholas Wells
Batting: SHB Leonard O'Connor 0-0: Foul Ball, location: 2F
0-1: Foul Ball, location: 2F
0-2: Ball
1-2: Strikes out swinging
Batting: LHB Chris West 0-0: Called Strike
0-1: Ball
1-1: Foul Ball, location: 2F
1-2: SINGLE (Groundball, 34D)
Batting: RHB Ramiro Rico 0-0: Ball
1-0: Swinging Strike
1-1: Ball
2-1: Called Strike
2-2: Ball
3-2: Strikes out swinging
Chris West is caught stealing 2nd base
Batter strikes out.
Bottom of the 2nd over - 0 run(s), 1 hit(s), 0 error(s), 0 left on base; Ft. Worth 0 - Toledo 0
TOP OF THE 3RD
Ft. Worth Cattlemen batting - Pitching for Toledo Stingers : RHP Jaime Venditti
Batting: LHB Nobuo Yamashita 0-0: Called Strike
0-1: SOLO HOME RUN (Flyball, 9D), Distance : 395 ft
Batting: RHB Jesús Martínez 0-0: Called Strike
0-1: Called Strike
0-2: Fly out, F7 (Flyball, 7S)
Batting: RHB Ed Hopkins 0-0: Ball
1-0: Ground out 4-3 (Groundball, 4)
Batting: SHB Robby Day 0-0: Ball
1-0: Ball
2-0: Ball
3-0: Base on Balls
Batting: RHB Bart Lewis 0-0: Ball
Robby Day is caught stealing 2nd base
Top of the 3rd over - 1 run(s), 1 hit(s), 0 error(s), 0 left on base; Ft. Worth 1 - Toledo 0
BOTTOM OF THE 3RD
Toledo Stingers batting - Pitching for Ft. Worth Cattlemen : RHP Nicholas Wells
Batting: RHB Jesús López 0-0: Ball
1-0: Called Strike
1-1: Foul Ball, location: 2F
1-2: Foul Ball, location: 2F
1-2: Strikes out swinging
Batting: RHB Isaac Downey 0-0: Swinging Strike
0-1: Ball
1-1: SINGLE (Groundball, 4MD)
Batting: LHB Ismael Cabrera 0-0: Called Strike
0-1: Ball
1-1: Ball
2-1: Fielders Choice at 2nd, 6-4 (Groundball, 6M)
Batting: LHB Locke Lamora 0-0: Ball
1-0: Ball
2-0: Called Strike
2-1: Foul Ball, location: 2F
2-2: Strikes out looking
Bottom of the 3rd over - 0 run(s), 1 hit(s), 0 error(s), 1 left on base; Ft. Worth 1 - Toledo 0
TOP OF THE 4TH
Ft. Worth Cattlemen batting - Pitching for Toledo Stingers : RHP Jaime Venditti
Batting: RHB Bart Lewis 0-0: Ball
1-0: Ball
2-0: Swinging Strike
2-1: Ball
3-1: Foul Ball, location: 2F
3-2: Base on Balls
Batting: LHB Ryan Westlake 0-0: Ball
1-0: Ball
2-0: Ball
3-0: Foul Ball, location: 2F
3-1: Called Strike
3-2: SINGLE (Flyball, 78S)
Bart Lewis to second
Batting: SHB Gregg Wagner 0-0: Ball
1-0: DOUBLE (Flyball, 78XD)
Bart Lewis scores
Ryan Westlake to third
Batting: LHB Jesús Morales 0-0: Fly out, F8 (Flyball, 78M)
Runner from 3rd tags up, OUT at HOME
Gregg Wagner to third
Batting: RHB Tim Burney 0-0: Ball
1-0: Called Strike
1-1: Ball
2-1: Fly out, F7 (Flyball, 78D)
Top of the 4th over - 1 run(s), 2 hit(s), 0 error(s), 1 left on base; Ft. Worth 2 - Toledo 0
BOTTOM OF THE 4TH
Toledo Stingers batting - Pitching for Ft. Worth Cattlemen : RHP Nicholas Wells
Batting: RHB Jack Burton 0-0: Swinging Strike
0-1: Ground out 5-3 (Groundball, 56S)
Batting: RHB Alfredo Martínez 0-0: Called Strike
0-1: Ball
1-1: Fly out, F9 (Flyball, 9LM)
Batting: SHB Leonard O'Connor 0-0: Ball
1-0: SINGLE (Groundball, 34S) (infield hit)
Batting: LHB Chris West 0-0: Ball
1-0: Called Strike
1-1: DOUBLE (Line Drive, 5D)
Leonard O'Connor to third
Runner from 3rd tries for Home, SAFE, no throw
Batting: RHB Ramiro Rico 0-0: Foul Ball, location: 2F
0-1: Swinging Strike
0-2: Strikes out looking
Bottom of the 4th over - 1 run(s), 2 hit(s), 0 error(s), 1 left on base; Ft. Worth 2 - Toledo 1
TOP OF THE 5TH
Ft. Worth Cattlemen batting - Pitching for Toledo Stingers : RHP Jaime Venditti
Batting: LHB Nobuo Yamashita 0-0: Bunted foul
0-1: Foul Ball, location: 2F
0-2: Ball
1-2: Ball
2-2: Ball
3-2: Fly out, F7 (Flyball, 7LM)
Batting: RHB Jesús Martínez 0-0: Foul Ball, location: 2F
0-1: Ground out 5-3 (Groundball, 56)
Batting: RHB Ed Hopkins 0-0: Ball
1-0: Foul Ball, location: 2F
1-1: Ball
2-1: Ball
3-1: Foul Ball, location: 2F
3-2: Foul Ball, location: 2F
3-2: Foul Ball, location: 2F
3-2: Strikes out looking
Top of the 5th over - 0 run(s), 0 hit(s), 0 error(s), 0 left on base; Ft. Worth 2 - Toledo 1
BOTTOM OF THE 5TH
Toledo Stingers batting - Pitching for Ft. Worth Cattlemen : RHP Nicholas Wells
Batting: RHB Jesús López 0-0: SINGLE (Groundball, 4MD)
Batting: RHB Isaac Downey 0-0: Ball
1-0: Sac Bunt - play at first, batter OUT! 5-4
Jesús López to second
Batting: LHB Ismael Cabrera 0-0: Ball
1-0: Called Strike
Jesús López steals 3rd base
1-1: Ball
2-1: Foul Ball, location: 2F
2-2: Strikes out looking
Batting: LHB Locke Lamora 0-0: Foul Ball, location: 2F
0-1: Ball
1-1: SINGLE (Flyball, 8RS)
Jesús López scores
Batting: RHB Jack Burton 0-0: Ball
1-0: Swinging Strike
1-1: Fielders Choice at 2nd, 5-4 (Groundball, 56)
Bottom of the 5th over - 1 run(s), 2 hit(s), 0 error(s), 0 left on base; Ft. Worth 2 - Toledo 2
TOP OF THE 6TH
Ft. Worth Cattlemen batting - Pitching for Toledo Stingers : RHP Jaime Venditti
Batting: SHB Robby Day 0-0: Called Strike
0-1: Swinging Strike
0-2: Ball
1-2: Ground out U3 (Groundball, 34)
Batting: RHB Bart Lewis 0-0: Called Strike
0-1: Ball
1-1: Ball
2-1: Foul Ball, location: 2F
2-2: Foul Ball, location: 2F
2-2: Ball
3-2: Base on Balls
Batting: LHB Ryan Westlake 0-0: Foul Ball, location: 2F
0-1: Ball
1-1: SINGLE (Groundball, 34D)
Bart Lewis to second
Runner from 2nd tries for 3rd, SAFE, throw made to third
Ryan Westlake to second
Pitching: LHP Cristo Rodríguez
Batting: SHB Gregg Wagner 0-0: Ball
1-0: Ball
2-0: Ball
3-0: Base on Balls
Batting: LHB Jesús Morales 0-0: Called Strike
0-1: Swinging Strike
0-2: Ball
1-2: Ball
2-2: Strikes out swinging
Batting: RHB Tim Burney 0-0: Ball
1-0: Foul Ball, location: 2F
1-1: Ball
2-1: Foul Ball, location: 2F
2-2: Strikes out swinging
Top of the 6th over - 0 run(s), 1 hit(s), 0 error(s), 3 left on base; Ft. Worth 2 - Toledo 2
BOTTOM OF THE 6TH
Toledo Stingers batting - Pitching for Ft. Worth Cattlemen : RHP Nicholas Wells
Batting: RHB Alfredo Martínez 0-0: Hit by Pitch
Batting: SHB Leonard O'Connor 0-0: Called Strike
0-1: Ball
1-1: Fly out, F7 (Flyball, 78M)
Batting: LHB Chris West 0-0: Swinging Strike
0-1: Ball
1-1: Ball
2-1: Fielders Choice at 2nd, 1-4 (Groundball, 15S)
Batting: RHB Ramiro Rico 0-0: Ball
1-0: Ball
2-0: Called Strike
2-1: Called Strike
2-2: Fielders Choice at 2nd, 4-6 (Groundball, 34)
Bottom of the 6th over - 0 run(s), 0 hit(s), 0 error(s), 0 left on base; Ft. Worth 2 - Toledo 2
TOP OF THE 7TH
Ft. Worth Cattlemen batting - Pitching for Toledo Stingers : LHP Cristo Rodríguez
Batting: LHB Nobuo Yamashita 0-0: Called Strike
0-1: Ball
1-1: Swinging Strike
1-2: Foul Ball, location: 2F
1-2: Foul Ball, location: 2F
1-2: Ball
2-2: Strikes out swinging
Batting: RHB Jesús Martínez 0-0: Fly out, F8 (Flyball, 8LM)
Batting: RHB Ed Hopkins 0-0: Foul Ball, location: 2F
0-1: Ball
1-1: Ground out 6-3 (Groundball, 6)
Top of the 7th over - 0 run(s), 0 hit(s), 0 error(s), 0 left on base; Ft. Worth 2 - Toledo 2
BOTTOM OF THE 7TH
Toledo Stingers batting - Pitching for Ft. Worth Cattlemen : RHP Nicholas Wells
Batting: RHB Jesús López 0-0: Ball
1-0: Ball
2-0: Called Strike
2-1: Foul Ball, location: 2F
2-2: Strikes out swinging
Pinch Hitting: RHB Ken Little 0-0: Ball
1-0: Foul Ball, location: 2F
1-1: Ball
2-1: Called Strike
2-2: Ball
3-2: Base on Balls
Pitching: RHP Francisco López
Batting: LHB Ismael Cabrera 0-0: DOUBLE (Line Drive, 7)
Ken Little to third
Batting: LHB Locke Lamora 0-0: Intentional Walk
Pinch Hitting: RHB Francis Kelly 0-0: TRIPLE (Line Drive, 9LM)
Ken Little scores
Ismael Cabrera scores
Locke Lamora scores
Pitching: LHP Bartolomeu Lio
Batting: RHB Alfredo Martínez 0-0: Intentional Walk
Batting: SHB Leonard O'Connor 0-0: Called Strike
0-1: Ball
1-1: Ball
2-1: Ball
3-1: Foul Ball, location: 2F
3-2: Base on Balls
Alfredo Martínez to second
Batting: LHB Chris West 0-0: Hit by Pitch
Francis Kelly scores
Alfredo Martínez to third
Leonard O'Connor to second
Batting: RHB Ramiro Rico 0-0: Ball
1-0: Foul Ball, location: 2F
1-1: Fly out, F7 (Flyball, 7LS)
Runner from 3rd tags up, SCORES, no throw
Batting: RHB Jesús López 0-0: Ball
1-0: Foul Ball, location: 2F
1-1: Ball
2-1: Swinging Strike
2-2: Strikes out swinging
Bottom of the 7th over - 5 run(s), 2 hit(s), 0 error(s), 2 left on base; Ft. Worth 2 - Toledo 7
TOP OF THE 8TH
Ft. Worth Cattlemen batting - Pitching for Toledo Stingers : LHP Cristo Rodríguez
Now at 3B: Ken Little
Now in LF: Francis Kelly
Batting: SHB Robby Day 0-0: Ball
1-0: Ball
2-0: Ball
3-0: Called Strike
3-1: Fly out, F7 (Flyball, 7LM)
Batting: RHB Bart Lewis 0-0: Ball
1-0: Ball
2-0: Ball
3-0: Base on Balls
Pitching: RHP Michael Fletcher
Batting: LHB Ryan Westlake 0-0: Foul Ball, location: 2F
0-1: Swinging Strike
0-2: Grounds into double play, 6-4-3 (Groundball, 6)
Top of the 8th over - 0 run(s), 0 hit(s), 0 error(s), 0 left on base; Ft. Worth 2 - Toledo 7
BOTTOM OF THE 8TH
Toledo Stingers batting - Pitching for Ft. Worth Cattlemen : LHP Bartolomeu Lio
Batting: RHB Ken Little 0-0: Hit by Pitch
Batting: LHB Ismael Cabrera 0-0: Called Strike
0-1: Ground out 4-3 (Groundball, 34)
Ken Little to second
Batting: LHB Locke Lamora 0-0: Foul Ball, location: 2F
0-1: Swinging Strike
0-2: Ball
1-2: Strikes out looking
Batting: RHB Francis Kelly 0-0: Called Strike
0-1: Ball
1-1: Ground out 4-3 (Groundball, 4M)
Bottom of the 8th over - 0 run(s), 0 hit(s), 0 error(s), 1 left on base; Ft. Worth 2 - Toledo 7
TOP OF THE 9TH
Ft. Worth Cattlemen batting - Pitching for Toledo Stingers : RHP Michael Fletcher
Batting: SHB Gregg Wagner 0-0: Fly out, F8 (Line Drive, 8RM)
Batting: LHB Jesús Morales 0-0: Ball
1-0: Foul Ball, location: 2F
1-1: SINGLE (Line Drive, 8RS)
Batting: RHB Tim Burney 0-0: Called Strike
0-1: Foul Ball, location: 2F
0-2: Grounds into double play, 6-4-3 (Groundball, 6)
Top of the 9th over - 0 run(s), 1 hit(s), 0 error(s), 0 left on base; Ft. Worth 2 - Toledo 7
Saturday, May 26th, 2018 - OOTP Baseball 17.12 Build 75